 Dungeon Crawl Stone Soup version 0.23-a0-171-g5ae17c6 (webtiles) character file.

1267 Kuinu the Skirmisher (level 8, -15/74 HPs)
             Began as a Grey Draconian Berserker on Sept 12, 2018.
             Was a Priest of Trog.
             Demolished by an orc warrior
             ... wielding a +0 scimitar
              (18 damage)
             ... on level 6 of the Dungeon.
             The game lasted 00:12:18 (4835 turns).

Kuinu the Skirmisher (Grey Draconian Berserker)     Turns: 4835, Time: 00:12:20

Health: -15/74     AC: 14    Str: 19    XL:     8   Next: 28%
Magic:  8/8        EV: 12    Int:  7    God:    Trog [***...]
Gold:   233        SH:  9    Dex: 14    Spells: 7/7 levels left

rFire    . . .     SeeInvis .   w - +0 rapier
rCold    . . .     Gourm    .   u - +2 shield {AC+3}
rNeg     . . .     Faith    .   (armour unavailable)
rPois    .         Spirit   .   (helmet restricted)
rElec    .         Reflect  .   (no cloak)
rCorr    +         Harm     .   (no gloves)
MR       +++..                  (no boots)
Stlth    +.........             k - amulet of magic regeneration
HPRegen  1.22/turn              m - ring of protection from magic
MPRegen  0.36/turn              A - ring of resist corrosion

@: berserk cooldown, regenerating, slowed, very slow
A: walk through water, unfitting armour, unbreathing, cold-blooded, AC +11
a: Berserk, Trog's Hand, Renounce Religion


You were on level 6 of the Dungeon.
You worshipped Trog.
Trog was most pleased with you.
You were near starving.

You visited 1 branch of the dungeon, and saw 6 of its levels.

You collected 233 gold pieces.

Inventory:

Hand Weapons
 a - a +0 falchion
 w - a +0 rapier (weapon)
Armour
 u - a +2 shield of protection (worn)
Jewellery
 e - an uncursed ring of positive energy
 k - an amulet of magic regeneration (around neck)
 m - a ring of protection from magic (left hand)
 A - a ring of resist corrosion (right hand)
Wands
 s - a wand of paralysis (12)
 t - a wand of iceblast (8)
 y - a wand of enslavement (7)
Scrolls
 c - a scroll of teleportation {unknown}
 d - a scroll of immolation
 g - a scroll of random uselessness {unknown}
 i - a scroll of amnesia {unknown}
 n - 3 scrolls of remove curse
 o - 2 scrolls of noise {unknown}
 q - 4 scrolls of identify
 r - a scroll of fear {unknown}
 z - a scroll of blinking {unknown}
Potions
 f - 3 potions of might
 h - 2 potions of degeneration
 l - 2 potions of curing
 p - a potion of haste {unknown}
 v - a potion of ambrosia {unknown}
 x - a potion of lignification {unknown}
Comestibles
 b - 5 rations
 B - 4 chunks of flesh


   Skills:
 * Level 7.7 Fighting
 * Level 7.0 Long Blades
 + Level 4.9 Dodging


You had 7 spell levels left.
You didn't know any spells.
Your spell library was empty.

Dungeon Overview and Level Annotations

Branches:
Dungeon (6/15)             Temple (0/1) D:5

Altars:
Ashenzari
Dithmenos
Qazlal
Wu Jian
Zin


Innate Abilities, Weirdness & Mutations

You can walk through water.
Your dull iron-grey scales are very hard. (AC +11)
You cannot fit into any form of body armour.
You can survive without breathing.
You are cold-blooded and may be slowed by cold attacks.


Message History

You block the orc's attack.
You hit the orc warrior but do no damage.
The orc warrior is almost dead.
You feel the effects of Trog's Hand fading.
You block the orc's attack.
The centaur skeleton hits you but does no damage.
You block the orc's attack. The orc hits you with a hand axe.
* * * LOW HITPOINT WARNING * * *
The orc hits you but does no damage.
The orc warrior hits you with a scimitar!
* * * LOW HITPOINT WARNING * * *
The centaur skeleton barely misses you.
You feel better. The centaur skeleton hits you.
* * * LOW HITPOINT WARNING * * *
You block the orc's attack. x2
The adder skeleton bites you but does no damage.
The orc hits you with a short sword.
* * * LOW HITPOINT WARNING * * *
The orc warrior hits you with a scimitar!!
You die...

#########
#########.......#
#...............# ####
#...............#####...
#.....o......#####......
#.....o@o....#####.##...
......oZZ#>.............
...........#.[..######..
.........#.#.........#..
......#....#.........#..
.#......##.#.........#..
#......##.#....##.###..
#......# #...##...##..
##.##.....##.


You could see an orc warrior, 3 orcs, an adder skeleton and a centaur skeleton.

Vanquished Creatures
  Edmund (D:5)
  Duvessa (D:4)
  An orc warrior (D:6)
  3 ogres
  Dowan (D:4)
  A hound (D:4)
  4 orc priests
  3 orc wizards
  4 iguanas
  3 worker ants
  A worker ant zombie (D:4)
  4 gnolls (D:2)
  A howler monkey skeleton (D:4)
  5 adders
  4 oozes
  3 worms
  3 dart slugs
  5 leopard geckos
  14 orcs
  7 giant cockroaches
  5 goblins
  10 hobgoblins
  12 jackals
  3 quokkas
  2 ball pythons
  7 bats
  6 frilled lizards
  A giant cockroach zombie (D:4)
  6 kobolds
  A leopard gecko zombie (D:4)
  A quokka skeleton (D:4)
  A quokka zombie (D:4)
  4 rats
128 creatures vanquished.

Vanquished Creatures (others)
  A withered plant (D:4)
1 creature vanquished.

Grand Total: 129 creatures vanquished

Notes
Turn   | Place    | Note
-------+----------+-------------------------------------------
     0 | D:1      | Kuinu the Draconian Berserker began the quest for the Orb.
     0 | D:1      | Reached XP level 1. HP: 19/19 MP: 1/1
   184 | D:1      | Reached XP level 2. HP: 26/26 MP: 2/2
   920 | D:2      | Reached XP level 3. HP: 28/33 MP: 3/3
  1247 | D:2      | Reached ** piety under Trog
  1523 | D:2      | Reached XP level 4. HP: 39/41 MP: 4/4
  1995 | D:3      | Noticed an ogre
  2001 | D:3      | Killed an ogre
  2001 | D:3      | Reached skill level 5 in Fighting
  2001 | D:3      | Reached XP level 5. HP: 48/48 MP: 5/5
  2049 | D:3      | Found a stormy altar of Qazlal.
  2211 | D:3      | Reached XP level 6. HP: 41/56 MP: 6/6
  2285 | D:3      | Reached *** piety under Trog
  2366 | D:3      | Found a shattered altar of Ashenzari.
  3012 | D:4      | Reached skill level 5 in Long Blades
  3357 | D:4      | Found an ornate altar of the Wu Jian Council.
  3381 | D:4      | Your scales start taking on a dull iron-grey colour.
  3381 | D:4      | Reached XP level 7. HP: 55/63 MP: 7/7
  3381 | D:4      | Gained mutation: You can survive without breathing. [Grey
                  | Draconian growth]
  3592 | D:4      | Noticed Dowan
  3597 | D:4      | Noticed Duvessa
  3603 | D:4      | Killed Dowan
  3618 | D:4      | Killed Duvessa
  3967 | D:5      | Entered Level 5 of the Dungeon
  4167 | D:5      | Found a staircase to the Ecumenical Temple.
  4192 | D:5      | Noticed Edmund
  4213 | D:5      | Killed Edmund
  4271 | D:5      | Noticed an angel
  4272 | D:5      | Found a glowing silver altar of Zin.
  4355 | D:5      | Reached XP level 8. HP: 73/73 MP: 8/8
  4762 | D:6      | Found a shadowy altar of Dithmenos.
  4834 | D:6      | HP: 2/74 [orc warrior/scimitar (14)]
  4835 | D:6      | Demolished by an orc warrior

Vault maps used:
D:1:      dpeg_arrival_arbitrary_c
D:3:      grunt_qazlal_clouds, overflow_temple_1_default, first_ration,
          grunt_decor_mini_mirrors, hangedman_decor_diamond_cutter
D:4:      kennysheep_mini_moat, serial_undead, serial_undead_e, serial_undead_d,
          serial_undead_e, serial_undead_b, uniq_duvessa
D:5:      zin_angel, minmay_temple_entry_nine_rooms, uniq_edmund
D:6:      lemuel_round_altar

Skill      XL: |  1  2  3  4  5  6  7  8 |
---------------+-------------------------+-----
Fighting       | 4 5 6 7 |  7.7
Dodging        | 3 4 |  4.9
Long Blades    | 4 5 6 7 |  7.0

Action                   |  1- 3 |  4- 6 |  7- 9 || total
-------------------------+-------+-------+-------++-------
Melee: Falchion          |    91 |   234 |    84 ||   409
       Tailslap          |    18 |    38 |    30 ||    86
       Rapier            |       |       |   102 ||   102
Invok: Berserk           |       |     2 |     2 ||     4
       Trog's Hand       |       |     1 |     3 ||     4
  Use: Scroll            |     5 |     4 |       ||     9
       Potion            |       |     2 |     2 ||     4
 Stab: Distracted        |       |     1 |       ||     1
       Sleeping          |       |       |     1 ||     1
  Eat: Chunk             |     1 |     9 |     7 ||    17
Armor: Skin              |    33 |    64 |    79 ||   176
Dodge: Dodged            |    65 |   133 |   117 ||   315
Block: Shield            |       |    30 |   106 ||   136
       Rpst.: Falchion   |    19 |    49 |    11 ||    79

Table legend:
 A = Non-vault XP
 B = Vault XP
 C = Vault XP percentage of total XP
 D = Non-vault monster count
 E = Vault monster count
 F = Vault count percentage of total count
                 A         B        C        D         E       F
            +---------+---------+-------+---------+---------+-------
      Total |    1402 |     409 |  22.6 |     119 |       9 |   7.0
            +---------+---------+-------+---------+---------+-------
        D:1 |      36 |       0 |   0.0 |      18 |       0 |   0.0
        D:2 |     148 |       0 |   0.0 |      34 |       0 |   0.0
        D:3 |     260 |       0 |   0.0 |      32 |       0 |   0.0
        D:4 |     555 |     255 |  31.5 |      21 |       8 |  27.6
        D:5 |      20 |     154 |  88.5 |       5 |       1 |  16.7
        D:6 |     383 |       0 |   0.0 |       9 |       0 |   0.0
            +---------+---------+-------+---------+---------+-------
